 Dungeon Crawl Stone Soup version 0.30.1-11-g7821555f0a (webtiles) character file.

Game seed: 15402103812545119912

207 Goodini51 the Chiller (level 6, -3/41 HPs)
             Began as a Human Ice Elementalist on Dec 20, 2023.
             Slain by Sigmund
             ... wielding a +0 scythe
              (13 damage)
             ... on level 3 of the Dungeon.
             The game lasted 00:26:10 (3249 turns).

Goodini51 the Chiller (Human Ice Elementalist)      Turns: 3249, Time: 00:26:11

Health: -3/41      AC:  0    Str:  8    XL:     6   Next: 11%
Magic:  11/11      EV: 19    Int: 18    God:
Gold:   205        SH:  0    Dex: 18    Spells: 4/11 levels left

rFire   . . .        e - melded +0 spear
rCold   . . .        (shield currently unavailable)
rNeg    . . .        a - melded +0 robe
rPois   .            g - melded +0 helmet
rElec   .            (cloak currently unavailable)
rCorr   .            (gloves currently unavailable)
SInv    .            (boots currently unavailable)
Will    .....        (no amulet)
Stlth   +            n - melded ring of see invisible
HPRegen 0.26/turn    (ring currently unavailable)
MPRegen 0.12/turn

%: no passive effects
@: confused, bat-form, flying, very quick
A: fast, flying, no casting, tiny
a: no special abilities


You were on level 3 of the Dungeon.
You were a bat.
You visited 1 branch of the dungeon, and saw 4 of its levels.

You collected 205 gold pieces.

Inventory:

Hand Weapons
 e - a +0 spear (melded)
 j - a +0 sling
Missiles
 l - 21 stones
Armour
 a - a +0 robe (melded)
 g - a +0 helmet (melded)
Jewellery
 n - a ring of see invisible (melded)
Scrolls
 c - 3 scrolls of identify {unknown}
 d - 3 scrolls of poison {unknown}
 i - a scroll of fog {unknown}
 k - a scroll of enchant weapon {unknown}
 p - a scroll of noise {unknown}
Potions
 f - 4 potions of curing {unknown}
 h - 2 potions of mutation {unknown}
 m - a potion of flight {unknown}
 o - a potion of attraction {unknown}


   Skills:
 + Level 1.1 Polearms
 + Level 2.2 Dodging
 + Level 2.4 Stealth
 * Level 3.4 Spellcasting
 * Level 5.5 Ice Magic


You had 4 spell levels left.
You knew the following spells:

 Your Spells              Type           Power      Damage    Failure   Level
a - Freeze                Ice            92%        1d9       1%          1
b - Frozen Ramparts       Ice            46%        1d7       4%          3
c - Ozocubu's Armour      Ice            23%        N/A       4%          3

Your spell library contained the following spells:

 Spells                   Type           Power      Damage    Failure   Level
 Beastly Appendage        Tmut           6%         N/A       16%         1
 Wereblood                Tmut           3%         N/A       24%         2
 Call Canine Familiar     Summ           3%         N/A       43%         3
 Portal Projectile        Hex/Tloc       6%         N/A       43%         3
 Spider Form              Tmut/Pois      3%         N/A       43%         3
 Summon Ice Beast         Ice/Summ       13%        N/A       45%         4
 Leda's Liquefaction      Hex/Erth       1%         N/A       83%         4


Dungeon Overview and Level Annotations

Branches:
Dungeon (4/15)
 Temple: D:4-7

Altars:
Ashenzari

Shops:
D:2 :

Annotations:
D:3 2 transporters, Sigmund; bimbombam's ghost, amateur TrFi


Message History

The wall freezes Sigmund.
Sigmund misses you.
You miss Natasha.
Natasha is almost dead.
The wall freezes Natasha but does no damage.
Natasha closely misses you.
The wall freezes the cerulean imp.
The cerulean imp barely misses you.
You hit Natasha.
You kill Natasha!
Natasha growls in agony!
The cerulean imp disappears in a puff of smoke!
The wall freezes Sigmund.
Sigmund points at you and mumbles some strange words.
You are confused.
You have reached level 6!
Your icy armour and frozen ramparts will break if you move.
Continue? [Y]es or [N]o only, please.
Your icy armour and frozen ramparts will break if you move.
Continue?
Okay, then.
Unknown command.
The frozen ramparts melt away.
Sigmund casts a spell at you.
You are more confused.
Your magical contamination has completely faded away.
Your icy armour will break if you move.
Continue?
You bump into the rock wall.
Sigmund zaps a wand.
You turn into a bat.
Your +0 spear melds into your body.
Your +0 helmet melds into your body.
Your +0 robe melds into your body.
Your ring of see invisible melds into your body.
Your icy armour will break if you move.
Continue? [Y]es or [N]o only, please.
Your icy armour will break if you move.
Continue?
You bump into the stone wall.
A magic dart appears from out of thin air!
Deactivating autopickup; reactivate with Ctrl-A.
The magic dart hits you.
* * * LOW HITPOINT WARNING * * *
Your icy armour will break if you move.
Continue?
Your icy armour cracks and falls away as you move.
You bump into the rock wall.
Something hits you!
You die...

##..............
##..#..#..##...#
+...#......#...#
+...##......>..#
###.####...#.###
#.# #....... #.#
#..##.###
##++######.####..#
.#
#...†.b..........#
#...######.....#.#
.........# #####.#
#.......... #.#
.......©...@. #.#
...#########...
#.#.# ..
..##8..BWg8##..
#.#.# ##.
..#.........#..
#.#.####..
..#.#.....#.#..
#.#.##^..#


There were no monsters in sight!

Vanquished Creatures
  Natasha (D:3)
  Robin (D:3)
  3 adders
  5 worms
  5 dart slugs
  10 endoplasms
  3 giant cockroaches
  9 goblins
  10 hobgoblins
  16 jackals
  5 kobolds
  7 quokkas
  3 ball pythons
  14 bats
  10 frilled lizards
  9 rats
111 creatures vanquished.

Notes
Turn   | Place    | Note
-------+----------+-------------------------------------------
     0 | D:1      | Goodini51 the Human Ice Elementalist began the quest for
                  | the Orb.
     0 | D:1      | Reached XP level 1. HP: 13/13 MP: 3/3
     0 | D:1      | Noticed a jelly
     1 | D:1      | Found a runed translucent door.
   204 | D:1      | Reached XP level 2. HP: 19/19 MP: 1/5
   420 | D:1      | Reached XP level 3. HP: 20/24 MP: 6/6
   429 | D:1      | Learned a level 3 spell: Frozen Ramparts
   763 | D:1      | Reached XP level 4. HP: 29/30 MP: 2/7
  1152 | D:2      | You fall into a shaft and drop 1 floor!
  1169 | D:3      | Found a broken altar of Ashenzari.
  1170 | D:3      | Noticed Sigmund
  1181 | D:3      | Noticed Robin
  1187 | D:3      | Reached skill level 5 in Ice Magic
  1189 | D:3      | Killed Robin
  1339 | D:3      | Learned a level 3 spell: Ozocubu's Armour
  1390 | D:3      | Reached skill level 1 in Polearms
  1390 | D:3      | Reached XP level 5. HP: 33/35 MP: 9/9
  1410 | D:3      | Found a transporter.
  2089 | D:2      | Found Ynagrek's Book Boutique.
  2896 | D:4      | Noticed an ogre
  3225 | D:3      | Noticed Natasha
  3228 | D:3      | Found a transporter.
  3228 | D:3      | Noticed bimbombam's ghost (amateur TrFi)
  3244 | D:3      | Killed Natasha
  3245 | D:3      | Reached XP level 6. HP: 12/41 MP: 11/11
  3249 | D:3      | Slain by Sigmund

Illustrated notes

Levels and vault maps discovered:
D:1:      dpeg_arrival_caged_fury, layout_rooms, st_stairs_10
D:2:      minmay_razor_zed, layout_loops_corners, serial_shops,
          nicolae_lakefront_shop, kennysheep_generic_room_8
D:3:      layout_loops_ring, nicolae_ashenzari_skybound, gammafunk_ghost_arena,
          kennysheep_generic_room_6, uniq_natasha, uniq_robin, uniq_sigmund
D:4:      layout_gridville, nicolae_ru_awakened_eye, dk_vineyard_3, uniq_ijyb

Skill      XL: |  1  2  3  4  5 |
---------------+----------------+-----
Ice Magic      | 5 |  5.5
Polearms       | 1 |  1.1
Spellcasting   | 3 |  3.4
Dodging        | |  2.2
Stealth        | |  2.4

Action                     |  1- 3 |  4- 6 || total
---------------------------+-------+-------++-------
  Melee: Unarmed           |     9 |       ||     9
         Spear             |    59 |   137 ||   196
   Cast: Freeze            |    19 |    73 ||    92
         Frozen Ramparts   |     3 |     5 ||     8
         Ozocubu's Armour  |       |     1 ||     1
    Use: Potion            |       |     1 ||     1
   Stab: Sleeping          |     6 |     6 ||    12
 Armour: Robe              |    10 |    40 ||    50
  Dodge: Dodged            |    34 |    97 ||   131
